 Dungeon Crawl Stone Soup version 0.20-a0-1000-g0e8f6bb (webtiles) character file.

18 Brightside the Skirmisher (level 2, -1/19 HPs)
             Began as a Gargoyle Abyssal Knight on Apr 12, 2017.
             Was a Follower of Lugonu.
             Slain by a kobold
             ... wielding a +4 whip
              (2 damage)
             ... on level 1 of the Dungeon.
             The game lasted 00:06:23 (689 turns).

Brightside the Skirmisher (Gargoyle Abyssal Knight)  Turns: 689, Time: 00:06:24

Health: -1/19      AC:  6    Str: 15    XL:     2   Next: 70%
Magic:  3/3        EV: 11    Int: 12    God:    Lugonu [*.....]
Gold:   43         SH:  0    Dex:  5    Spells: 1/1 levels left

rFire    . . .     SeeInvis .   a - +1 falchion
rCold    . . .     Gourm    .   (no shield)
rNeg     + . .     Faith    .   b - +0 leather armour
rPois    ∞         Spirit   .   (no helmet)
rElec    +         Reflect  .   (no cloak)
rCorr    .         Harm     .   (no gloves)
MR       .....                  (no boots)
Stlth    +.........             (no amulet)
Regen    0.1/turn               g - -4 ring of dexterity (curse)
MPRegen  0.1/turn               (no ring)

@: no status effects
A: negative energy resistance 1, electricity resistance, unbreathing,
petrification resistance, rot immunity, AC +2
a: Depart the Abyss, Renounce Religion


You were on level 1 of the Dungeon.
You worshipped Lugonu.
Lugonu was aware of your devotion.
You were not hungry.

You visited 1 branch of the dungeon, and saw 1 of its levels.
You visited the Abyss 1 time.

You collected 43 gold pieces.

Inventory:

Hand Weapons
 a - a +1 falchion (weapon)
 i - a +1 dagger of freezing
Armour
 b - a +0 leather armour (worn)
Jewellery
 g - a cursed -4 ring of dexterity (left hand)
Scrolls
 d - a scroll of recharging
 j - 2 scrolls of teleportation {unknown}
Potions
 e - a potion of haste
 h - a potion of curing {unknown}
 k - a potion of brilliance {unknown}
Comestibles
 c - 2 bread rations
 f - 3 chunks of flesh


   Skills:
 - Level 3.2 Fighting
 * Level 2.6 Long Blades
 + Level 2.5 Armour
 - Level 0.7 Dodging
 - Level 2.0 Invocations


You had one spell level left.
You didn't know any spells.

Dungeon Overview and Level Annotations

Branches:
Dungeon (1/15)

Altars:


Innate Abilities, Weirdness & Mutations

You are resistant to torment.
Your stone body is resilient. (AC +2)
You are immune to poison.
You resist negative energy. (rN+)
You are resistant to electric shocks. (rElec)
You can survive without breathing.
You are immune to petrification.
You are immune to rotting.


Message History

The kobold throws a stone.
The stone hits you but does no damage. The kobold hits you but does no damage.
The kobold hits you with an enchanted whip.
The kobold hits you but does no damage. The kobold hits you but does no damage.
The kobold hits you with an enchanted whip.
The kobold hits you with an enchanted whip.
The kobold hits you with an enchanted whip.
The kobold barely misses you. The kobold hits you but does no damage.
The kobold completely misses you.
The kobold hits you with an enchanted whip.
The kobold hits you with an enchanted whip.
* * * LOW HITPOINT WARNING * * *
The kobold closely misses you.
You riposte.
You hit the kobold.
The kobold is moderately wounded.
The kobold hits you with an enchanted whip.
* * * LOW HITPOINT WARNING * * *
The kobold hits you with an enchanted whip.
You die...

#############
#.(..@Kg.....
#.###########
#.# #.# #.#
#.# #.# #.#
#.#


You could see a goblin and a kobold.

Vanquished Creatures
  2 dart slugs (D:1)
  A leopard gecko (D:1)
  A ball python (D:1)
  A bat (D:1)
  A giant cockroach (D:1)
  2 goblins (D:1)
  2 frilled lizards (D:1)
  3 kobolds (D:1)
13 creatures vanquished.

Notes
Turn   | Place    | Note
-------+----------+-------------------------------------------
     0 | Abyss:1  | Brightside the Gargoyle Abyssal Knight began the quest for the Orb.
     0 | Abyss:1  | Reached XP level 1. HP: 14/14 MP: 2/2
    76 | D:1      | Escaped the Abyss
   394 | D:1      | Reached XP level 2. HP: 13/19 MP: 3/3
   689 | D:1      | Slain by a kobold

Vault maps used:
D:1:      elethiomel_arrival_maze

Skill      XL: |  1 |
---------------+----+-----
Long Blades    | 2 |  2.6
Fighting       | |  3.2
Armour         | |  2.5
Dodging        | |  0.7
Invocations    | |  2.0

Action                   || total
-------------------------++-------
Melee: Falchion          ||    39
  Use: Scroll            ||     3
Armor: Leather armour    ||    34
Dodge: Dodged            ||    26
       Rpst.: Falchion   ||     7
